Map: Emerald City LE

Players

qqq - Winner!

  • Race: Zerg Zerg
  • Spawn Location: 11:00

Massa - Winner!

  • Race: Terran Terran
  • League: Platinum
  • Spawn Location: 11:00

Greynit

  • Race: Zerg Zerg
  • Spawn Location: 5:00

WhoseThat

  • Race: Terran Terran
  • League: Diamond
  • Spawn Location: 5:00

VOD

Have the link to the VOD?

Description

Time

  • Played on: Feb. 6, 2021, 7:19 a.m.
  • Length: 5:29
Show
View Real Time Build Order
Export as new Build Order

qqq Zerg - Winner!

Build Orders: Hatch First 

Get SALT Encoding   

  12  0:01  Drone  
  13  0:12  Drone  
  14  0:19  Overlord  
  14  0:46  Hatchery  
  14  0:49  Drone  
  14  0:52  Drone  
  15  0:59  Drone  
  16  1:07  Drone  
  17  1:18  Drone  
  17  1:24  Spawning Pool  
  17  1:26  Extractor  
  17  1:32  Drone  
  17  1:44  Drone  
  17  1:45  Drone  
  19  1:50  Extractor  
  19  1:56  Extractor  
  19  1:58  Drone  
  20  2:15  Extractor, Queen  
  19  2:18  Drone x2, Queen  
  25  2:23  Zergling x4  
  25  2:27  Metabolic Boost  
  27  2:38  Overlord  
  27  2:40  Zergling x2  
  28  2:47  Overlord  
  28  2:57  Zergling x2  
  28  2:58  Zergling x4  
  30  3:02  Zergling x2  
  30  3:04  Drone  
  33  3:09  Lair  
  33  3:10  Zergling x2  
  33  3:12  Drone  
  35  3:21  Zergling x2  
  35  3:22  Zergling x2  
  35  3:25  Zergling x2  
  38  3:27  Zergling x4  
  38  3:31  Zergling x2  
  41  3:34  Overlord  
  41  3:37  Zergling x2  
  41  3:41  Drone  
  43  3:44  Drone  
  43  3:48  Overlord  
  44  3:56  Zergling x2  
  44  3:58  Zergling x2  
  44  3:59  Drone  
  44  4:00  Drone  
  48  4:03  Zergling x2  
  48  4:10  Zergling x4  
  48  4:11  Zergling x2  
  48  4:12  Drone  
  51  4:25  Zergling x2  
  51  4:26  Drone x2  
  51  4:31  Zergling x2  
  47  4:47  Zergling x2  
  47  4:52  Zergling x4  
  48  4:53  Zergling x4  
  48  5:00  Zergling x2  
  48  5:01  Spire  
  48  5:06  Hatchery, Zergling x6  
  49  5:10  Zergling x2  
  49  5:11  Zergling x4  
  49  5:12  Zergling x2  
Show
View Real Time Build Order
Export as new Build Order

Massa Terran - Winner!

Build Orders:  

Get SALT Encoding   

  12  0:00  SCV  
  13  0:12  SCV  
  14  0:23  Supply Depot  
  14  0:24  SCV  
  15  0:44  SCV  
  15  0:46  Barracks  
  16  0:57  SCV  
  17  1:00  Refinery  
  17  1:09  SCV  
  18  1:22  SCV  
  19  1:36  Orbital Command  
  19  1:38  Command Center  
  19  1:54  Barracks Reactor  
  19  1:55  Supply Depot  
  19  2:03  SCV  
  20  2:15  SCV  
  21  2:24  Factory  
  21  2:28  SCV  
  22  2:30  Marine x2  
  24  2:42  SCV  
  25  2:47  Marine  
  25  2:48  Marine  
  25  2:51  Orbital Command  
  27  2:53  Barracks  
  27  2:57  Refinery  
  27  3:05  Marine x2  
  29  3:17  SCV  
  29  3:18  SCV  
  31  3:20  Supply Depot  
  31  3:30  SCV x2, Hellion x2  
  37  3:34  Barracks Tech Lab  
  37  3:39  Starport  
  37  3:42  SCV x2  
  37  3:44  Barracks Tech Lab  
  39  3:52  Hellion x2  
  39  3:54  SCV x2  
  45  4:13  Hellion x2  
  45  4:25  Marine  
  45  4:26  Marine  
  46  4:34  Hellion  
  46  4:35  Hellion  
  50  4:43  Marine  
  50  4:44  Marauder  
  50  4:55  SCV x2  
  50  4:56  Hellion  
  54  5:07  Supply Depot  
  54  5:08  Supply Depot  
  54  5:09  Supply Depot  
  54  5:10  Supply Depot  
  54  5:13  Supply Depot  
  54  5:20  Barracks Reactor  
Show
View Real Time Build Order
Export as new Build Order

Greynit Zerg 

Build Orders: Hatch First 

Get SALT Encoding   

  12  0:00  Drone  
  13  0:12  Overlord  
  13  0:19  Drone  
  14  0:30  Drone x2  
  14  0:34  Drone  
  17  0:54  Hatchery  
  16  0:57  Drone  
  16  0:59  Drone  
  18  1:06  Extractor  
  17  1:17  Spawning Pool  
  16  1:21  Drone  
  17  1:31  Drone x2  
  19  1:52  Drone x2  
  21  2:00  Drone  
  22  2:09  Drone  
  22  2:13  Drone  
  24  2:19  Queen x2  
  24  2:22  Metabolic Boost  
  28  2:29  Overlord  
  28  2:38  Overlord  
  28  2:44  Extractor, Drone  
  28  2:49  Drone x4  
  33  2:54  Roach Warren  
  33  2:55  Queen  
  34  2:58  Queen  
  34  3:04  Overlord  
  36  3:26  Zergling x2  
  37  3:27  Zergling x2  
  37  3:32  Lair  
  38  3:40  Drone  
  39  3:42  Overlord x2  
  39  3:45  Drone x5  
  44  3:52  Evolution Chamber  
  44  3:54  Zergling x2  
  42  4:02  Zergling x2, Roach  
  36  4:24  Roach  
  36  4:25  Zergling x12  
  28  4:36  Roach  
  29  4:50  Queen  
  27  4:57  Drone x3  
  27  4:58  Extractor  
  25  5:10  Zergling x2  
Show
View Real Time Build Order
Export as new Build Order

WhoseThat Terran 

Build Orders:  

Get SALT Encoding   

  12  0:00  SCV  
  13  0:12  SCV  
  14  0:19  Supply Depot  
  14  0:24  SCV  
  15  0:32  Refinery  
  15  0:41  SCV  
  16  0:44  Barracks  
  16  0:53  SCV  
  17  1:05  SCV  
  18  1:17  SCV  
  19  1:31  Marine  
  20  1:35  Orbital Command  
  20  1:52  Command Center  
  19  2:16  SCV  
  19  2:18  Barracks Reactor  
  19  2:21  Factory  
  20  2:28  SCV  
  21  2:30  Refinery, Supply Depot  
  21  2:42  SCV  
  22  2:48  Barracks  
  22  2:54  Marine x2  
  22  2:57  SCV  
  25  3:06  Widow Mine  
  25  3:09  SCV  
  28  3:17  Supply Depot  
  28  3:18  Marine x2  
  30  3:21  SCV  
  31  3:27  Factory Tech Lab  
  31  3:30  Orbital Command  
  31  3:33  SCV  
  32  3:40  Barracks Tech Lab  
  32  3:51  Marine  
  32  3:53  Widow Mine x2  
  37  3:57  SCV  
  37  3:58  SCV  
  39  4:02  Marine  
  39  4:03  Combat Shield  
  39  4:07  Supply Depot  
  40  4:10  Engineering Bay  
  33  4:19  Widow Mine x2, Marine  
  33  4:20  Marine  
  38  4:31  SCV  
  32  4:49  Widow Mine  
  32  4:50  Widow Mine  
  30  5:00  Marine x2  
  31  5:10  Supply Depot  
  18  5:16  SCV  
Tags
 
Add a new tag
Caveats
  • Supply blocks, unpowered buildings, or Contaminate may cause inaccurate times.
  • Supply counts are checked every 10 seconds.